 Dungeon Crawl Stone Soup version 0.24.0-35-gdb84b6a5db (webtiles) character file.

Game seed: 13078567070912204765, levelgen mode: deterministic

517 Descartes the Skirmisher (level 7, -4/56 HPs)
             Began as a Formicid Abyssal Knight on Nov 18, 2019.
             Was a Believer of Lugonu.
             Slain by an orc priest
             ... wielding a +0 war axe
              (8 damage)
             ... on level 4 of the Dungeon.
             The game lasted 00:09:47 (4048 turns).

Descartes the Skirmisher (Formicid Abyssal Knight)  Turns: 4048, Time: 00:09:48

Health: -4/56      AC:  7    Str: 16    XL:     7   Next: 44%
Magic:  9/9        EV: 10    Int: 14    God:    Lugonu [**....]
Gold:   182        SH:  0    Dex: 10    Spells: 6/6 levels left

rFire    . . .     SeeInvis +   a - +1 hand axe
rCold    . . .     Gourm    .   (no shield)
rNeg     + . .     Faith    .   r - +0 scale mail
rPois    .         Spirit   .   (helmet unavailable)
rElec    .         Reflect  .   (no cloak)
rCorr    .         Harm     .   (no gloves)
MR       .....                  (no boots)
Stlth    ..........             (no amulet)
HPRegen  0.18/turn              p - ring of positive energy
MPRegen  0.11/turn              (no ring)

@: flying
A: permanent stasis, dig shafts and tunnels, four strong arms, antennae 3
a: Dig, Shaft Self, Depart the Abyss, Bend Space, Renounce Religion


You were on level 4 of the Dungeon.
You worshipped Lugonu.
Lugonu was pleased with you.
You were near starving.

You visited 1 branch of the dungeon, and saw 4 of its levels.
You visited the Abyss 1 time.

You collected 182 gold pieces.

Inventory:

Hand Weapons
 a - a +1 hand axe (weapon)
 g - a +0 hand crossbow
Missiles
 f - 201 stones (quivered)
 m - 11 bolts
 s - 2 boomerangs of dispersal
 u - 40 sling bullets
 w - 5 boomerangs
 x - 11 poisoned darts
 A - 17 arrows
Armour
 b - a +0 leather armour
 h - a +0 ring mail
 n - a +2 helmet
 r - a +0 scale mail (worn)
Jewellery
 p - a ring of positive energy (left hand)
Scrolls
 e - 6 scrolls of identify {unknown}
 i - a scroll of teleportation {unknown}
 j - 3 scrolls of amnesia {unknown}
 k - a scroll of enchant weapon {unknown}
 l - 2 scrolls of enchant armour {unknown}
 o - 2 scrolls of magic mapping {unknown}
 t - 3 scrolls of remove curse {unknown}
 y - a scroll of noise {unknown}
Potions
 d - a potion of agility
 q - a potion of flight
Comestibles
 c - 4 rations


   Skills:
 + Level 5.2 Fighting
 + Level 4.3 Axes
 + Level 4.5 Armour
 + Level 2.2 Dodging
 - Level 0.9 Stealth
 + Level 3.1 Invocations


You had 6 spell levels left.
You didn't know any spells.
Your spell library was empty.

Dungeon Overview and Level Annotations

Branches:
Dungeon (4/15)
 Temple: D:4-7

Altars:
Cheibriados

Shops:
D:4 [


Innate Abilities, Weirdness & Mutations

You cannot be hasted, slowed, berserked, paralysed or teleported.
You can dig through walls and to a lower floor.
Your four strong arms can wield two-handed weapons with a shield.
You have a pair of large antennae on your head. (SInv)


Message History

It was a potion of flight.
You feel very buoyant.
You fly up into the air.
The orc barely misses you.
It was a potion of curing.
You feel better. The orc barely misses you.
You hit the orc.
You kill the orc!
Lugonu accepts your kill.
Your scale mail prevents you from hitting the orc priest.
The orc priest mumbles some strange prayers to Beogh against you.
Beogh smites you!
* * * LOW HITPOINT WARNING * * *
Your scale mail prevents you from hitting the orc priest.
The orc priest hits you but does no damage.
You slash the orc priest!
The orc priest is heavily wounded.
The orc priest begins to cast a cantrip, but forgets the words!
You hit the orc priest.
The orc priest is severely wounded.
The orc priest hits you with a +0 war axe!
You die...

#. #..# #. #..#
####..# .
#.....#
..##.###.# ...
#.# ...##.###)#
###. #..[..####
....#####...##@#
#####...#...#o##
#.......###.#
#.......##..# {
#.......##.##
#.......###{#
###.##...#.##
#...##.#.##.# #
#.####.#.#.##


You could see an orc priest.

Vanquished Creatures
  Grinder (D:2)
  An ogre (D:3)
  A bullfrog zombie (D:4)
  An orc wizard (D:4)
  Jessica (D:3)
  A hound skeleton (D:4)
  Robin (D:2)
  3 adders
  2 oozes
  A worm (D:3)
  A dart slug (D:2)
  4 leopard geckos
  5 orcs
  7 bats
  A giant cockroach (D:2)
  17 goblins
  9 hobgoblins
  5 jackals
  8 kobolds
  6 frilled lizards
  8 rats
84 creatures vanquished.

Notes
Turn   | Place    | Note
-------+----------+-------------------------------------------
     0 | Abyss:1  | Descartes the Formicid Abyssal Knight began the quest for
                  | the Orb.
     0 | Abyss:1  | Reached XP level 1. HP: 18/18 MP: 2/2
    57 | Abyss:2  | Noticed an iron dragon skeleton
   128 | Abyss:2  | Found a corrupted altar of Lugonu.
   151 | Abyss:2  | Noticed a raiju
   160 | Abyss:2  | Noticed a purple very ugly thing
   161 | D:1      | Escaped the Abyss
   224 | D:1      | Reached * piety under Lugonu
   359 | D:1      | Reached XP level 2. HP: 16/25 MP: 3/3
   711 | D:1      | Found a snail-covered altar of Cheibriados.
   728 | D:1      | Reached skill level 4 in Fighting
   840 | D:1      | Reached XP level 3. HP: 30/30 MP: 4/4
  1157 | D:2      | Reached ** piety under Lugonu
  1185 | D:2      | Reached XP level 4. HP: 34/37 MP: 5/5
  1252 | D:2      | Reached skill level 1 in Dodging
  1960 | D:3      | Noticed Robin
  1963 | D:3      | Noticed Grinder
  2124 | D:2      | Killed Robin
  2212 | D:3      | Reached XP level 5. HP: 38/42 MP: 6/6
  2241 | D:2      | Killed Grinder
  2241 | D:2      | Reached XP level 6. HP: 31/49 MP: 7/7
  2481 | D:3      | Noticed Jessica
  2497 | D:3      | Killed Jessica
  2510 | D:3      | Noticed an ogre
  2532 | D:3      | Killed an ogre
  2532 | D:3      | Reached skill level 5 in Fighting
  2532 | D:3      | Reached XP level 7. HP: 17/56 MP: 7/9
  3463 | D:4      | Found Woatueg's Antique Armour Shop.
  4048 | D:4      | Slain by an orc priest

Levels and vault maps discovered:
D:1:      dpeg_arrival_pond, layout_rooms, serial_corexii_hall,
          chequers_hall_statues_corner_a, corexii_hall_statues_x,
          chequers_serial_rivers_micro_b, cheibriados_altar_1
D:2:      layout_loops_ring, minmay_misc_feat_pillars
D:3:      layout_rooms, first_ration, uniq_robin, uniq_jessica, uniq_grinder
D:4:      layout_loops_ring, serial_shops, nicolae_shop_waterfront,
          gammafunk_ghost_smash

Skill      XL: |  1  2  3  4  5  6  7 |
---------------+----------------------+-----
Fighting       | 4 5 |  5.2
Armour         | 3 4 |  4.5
Dodging        | 1 2 |  2.2
Axes           | 4 |  4.3
Invocations    | 3 |  3.1
Stealth        | |  0.9

Action                   |  1- 3 |  4- 6 |  7- 9 || total
-------------------------+-------+-------+-------++-------
Melee: Hand axe          |   102 |   134 |   101 ||   337
Invok: Depart the Abyss  |     1 |       |       ||     1
 Abil: Dig               |     4 |       |     1 ||     5
  Use: Potion            |       |     3 |     2 ||     5
  Eat: Chunk             |     1 |     5 |     4 ||    10
Armor: Ring mail         |    19 |       |       ||    19
       Leather armour    |     3 |       |       ||     3
       Scale mail        |    22 |    57 |    48 ||   127
       Skin              |       |     8 |       ||     8
Dodge: Dodged            |    66 |    67 |    53 ||   186
